TOP OF THE 1ST |
Temiskaming District Secondary School Saints batting - Pitching for Madawaska Valley HS Wolves : RHP Ricardo Duárez
|
Pitching: RHP Ricardo Duárez
|
|
Batting: RHB George Gardner
|
0-0: Called Strike 0-1: Fly out, F4 (Popup, 34D)
|
Batting: RHB Beau McNeill
|
0-0: Called Strike 0-1: Ground out 4-3 (Groundball, 4)
|
Batting: RHB Fred Moulds
|
0-0: Ball 1-0: Swinging Strike 1-1: Called Strike 1-2: Ball 2-2: Fly out, F8 (Flyball, 8RD)
|
Top of the 1st over - 0 run(s), 0 hit(s), 0 error(s), 0 left on base; Temiskaming District Secondary School 0 - Madawaska Valley HS 0 |
BOTTOM OF THE 1ST |
Madawaska Valley HS Wolves batting - Pitching for Temiskaming District Secondary School Saints : LHP David Rodríguez
|
Pitching: LHP David Rodríguez
|
|
Batting: RHB Adam Carpenter
|
0-0: Ball 1-0: Ball 2-0: Ball 3-0: Called Strike 3-1: Base on Balls
|
Batting: RHB Leo Snyder
|
0-0: Ball 1-0: Called Strike 1-1: SINGLE (Flyball, 5D) Adam Carpenter to second
|
Batting: LHB Bob Campbell
|
0-0: Ball Single, Error in OF, E8, batter to second base Adam Carpenter scores Leo Snyder to third
|
Batting: SHB Steve Miner
|
0-0: Called Strike 0-1: Ball 1-1: Ball 2-1: Foul Ball, location: 2F 2-2: Ball 3-2: Base on Balls
|
Batting: SHB Artie Adams
|
0-0: Ball 1-0: Ball 2-0: Swinging Strike 2-1: Ball 3-1: Base on Balls Leo Snyder scores Bob Campbell to third Steve Miner to second
|
Batting: LHB Marv Gardner
|
0-0: Called Strike 0-1: Swinging Strike 0-2: Ball 1-2: Fly out, F7 (Flyball, 7LM) Runner from 3rd tags up, SCORES, no throw
|
Batting: RHB Enrique Navarro
|
0-0: Ball 1-0: Ball 2-0: Swinging Strike 2-1: Grounds into double play, 5-4-3 (Groundball, 56)
|
Bottom of the 1st over - 3 run(s), 2 hit(s), 1 error(s), 1 left on base; Temiskaming District Secondary School 0 - Madawaska Valley HS 3 |
TOP OF THE 2ND |
Temiskaming District Secondary School Saints batting - Pitching for Madawaska Valley HS Wolves : RHP Ricardo Duárez
|
Batting: RHB Walt Miller
|
0-0: Foul Ball, location: 2F 0-1: Ball 1-1: Foul Ball, location: 2F 1-2: Ball 2-2: Strikes out swinging
|
Batting: LHB Carlos Músquez
|
0-0: Called Strike 0-1: Ball 1-1: Swinging Strike 1-2: Ball 2-2: Foul Ball, location: 2F 2-2: Fly out, F8 (Flyball, 89M)
|
Batting: RHB Bob Ferguson
|
0-0: Ball 1-0: Ball 2-0: Ball 3-0: Called Strike 3-1: Swinging Strike 3-2: Base on Balls
|
Batting: RHB John Weber
|
0-0: Ground out 6-3 (Groundball, 6)
|
Top of the 2nd over - 0 run(s), 0 hit(s), 0 error(s), 1 left on base; Temiskaming District Secondary School 0 - Madawaska Valley HS 3 |
BOTTOM OF THE 2ND |
Madawaska Valley HS Wolves batting - Pitching for Temiskaming District Secondary School Saints : LHP David Rodríguez
|
Batting: RHB David Simmons
|
0-0: Ball 1-0: Ground out 6-3 (Groundball, 6)
|
Batting: RHB Weldon Lott
|
0-0: Ball 1-0: Called Strike 1-1: Foul Ball, location: 2F 1-2: Ground out 5-3 (Groundball, 56)
|
Now at 3B: Andrew Walters
|
|
Batting: RHB Adam Carpenter
|
0-0: Ball 1-0: Called Strike 1-1: SINGLE (Line Drive, 4MD)
|
Batting: RHB Leo Snyder
|
0-0: Ball Adam Carpenter is caught stealing 2nd base
|
Bottom of the 2nd over - 0 run(s), 1 hit(s), 0 error(s), 0 left on base; Temiskaming District Secondary School 0 - Madawaska Valley HS 3 |
TOP OF THE 3RD |
Temiskaming District Secondary School Saints batting - Pitching for Madawaska Valley HS Wolves : RHP Ricardo Duárez
|
Batting: RHB Elliott Short
|
0-0: Ball 1-0: Ball 2-0: Ball 3-0: Called Strike 3-1: Base on Balls
|
Batting: SHB Stanley Ryan
|
0-0: Called Strike 0-1: Ball 1-1: Ball 2-1: Ball 3-1: Foul Ball, location: 2F 3-2: Base on Balls Elliott Short to second
|
Batting: RHB George Gardner
|
0-0: Called Strike 0-1: Ball 1-1: Ball 2-1: Grounds into double play, 6-4-3 (Groundball, 6) Elliott Short to third
|
Batting: RHB Beau McNeill
|
Single, Error in OF, E9, batter to second base Elliott Short scores
|
Batting: SHB Andrew Walters
|
0-0: Called Strike 0-1: SINGLE (Groundball, 4M) Beau McNeill to third Runner from 3rd tries for Home, SAFE, no throw or cutoff
|
Batting: RHB Walt Miller
|
0-0: Ball 1-0: Ball 2-0: Swinging Strike 2-1: Ball 3-1: Foul Ball, location: 2F 3-2: Base on Balls Andrew Walters to second
|
Batting: LHB Carlos Músquez
|
0-0: Foul Ball, location: 2F 0-1: Foul Ball, location: 2F 0-2: Ball 1-2: Ball 2-2: SINGLE (Groundball, 34) Andrew Walters to third Walt Miller to second Runner from 3rd tries for Home, SAFE, no throw or cutoff
|
Batting: RHB Bob Ferguson
|
0-0: Called Strike 0-1: Fly out, F7 (Flyball, 7M)
|
Top of the 3rd over - 3 run(s), 3 hit(s), 1 error(s), 2 left on base; Temiskaming District Secondary School 3 - Madawaska Valley HS 3 |
BOTTOM OF THE 3RD |
Madawaska Valley HS Wolves batting - Pitching for Temiskaming District Secondary School Saints : LHP David Rodríguez
|
Batting: RHB Leo Snyder
|
0-0: Called Strike 0-1: Ball 1-1: Ball 2-1: Ground out 6-3 (Groundball, 6)
|
Batting: LHB Bob Campbell
|
0-0: Ball 1-0: Called Strike 1-1: Ball 2-1: Ball 3-1: Base on Balls
|
Batting: SHB Steve Miner
|
0-0: Called Strike 0-1: Ball 1-1: Ball 2-1: Ball 3-1: Fly out, F8 (Line Drive, 8RD)
|
Now in CF: José Ramírez
|
|
Batting: SHB Artie Adams
|
0-0: Ball 1-0: Ground out 4-3 (Groundball, 34)
|
Bottom of the 3rd over - 0 run(s), 0 hit(s), 0 error(s), 1 left on base; Temiskaming District Secondary School 3 - Madawaska Valley HS 3 |
TOP OF THE 4TH |
Temiskaming District Secondary School Saints batting - Pitching for Madawaska Valley HS Wolves : RHP Ricardo Duárez
|
Batting: RHB José Ramírez
|
0-0: Foul Ball, location: 2F 0-1: Swinging Strike 0-2: Foul Ball, location: 2F 0-2: Fly out, F7 (Flyball, 7M)
|
Batting: RHB Elliott Short
|
0-0: Ball 1-0: Called Strike 1-1: Swinging Strike 1-2: DOUBLE (Flyball, 9LS)
|
Batting: SHB Stanley Ryan
|
0-0: Called Strike 0-1: SINGLE (Flyball, 6MD) Elliott Short to third
|
Batting: RHB George Gardner
|
0-0: Ball 1-0: Ball 2-0: Swinging Strike 2-1: Swinging Strike 2-2: Fielders Choice at 2nd, U6 (Groundball, 6M) Elliott Short scores
|
Batting: RHB Beau McNeill
|
0-0: Called Strike 0-1: Foul Ball, location: 2F 0-2: SINGLE (Groundball, 34S) George Gardner to second George Gardner to third
|
Batting: SHB Andrew Walters
|
0-0: Ball 1-0: Ball 2-0: Called Strike Beau McNeill steals 2nd base 2-1: Ball 3-1: Base on Balls
|
Pitching: RHP Jeff Thomas
|
|
Batting: RHB Walt Miller
|
0-0: Ball 1-0: Fly out, F8 (Flyball, 8LM)
|
Top of the 4th over - 1 run(s), 3 hit(s), 0 error(s), 3 left on base; Temiskaming District Secondary School 4 - Madawaska Valley HS 3 |
BOTTOM OF THE 4TH |
Madawaska Valley HS Wolves batting - Pitching for Temiskaming District Secondary School Saints : LHP David Rodríguez
|
Batting: LHB Marv Gardner
|
0-0: Foul Ball, location: 2F 0-1: Ground out 3-1 (Groundball, 34)
|
Batting: RHB Enrique Navarro
|
0-0: Ball 1-0: Swinging Strike 1-1: Foul Ball, location: 2F 1-2: Foul Ball, location: 2F 1-2: Ball 2-2: Ball 3-2: Base on Balls
|
Batting: RHB David Simmons
|
0-0: Called Strike 0-1: Fly out, F7 (Flyball, 78M)
|
Batting: RHB Weldon Lott
|
0-0: Ball 1-0: SINGLE (Line Drive, 56D) Enrique Navarro to second
|
Batting: RHB Adam Carpenter
|
0-0: Ball 1-0: Called Strike 1-1: Ball 2-1: Swinging Strike 2-2: Ball 3-2: Base on Balls Enrique Navarro to third Weldon Lott to second
|
Batting: RHB Leo Snyder
|
0-0: Called Strike 0-1: Fly out, F7 (Flyball, 78M)
|
Bottom of the 4th over - 0 run(s), 1 hit(s), 0 error(s), 3 left on base; Temiskaming District Secondary School 4 - Madawaska Valley HS 3 |
TOP OF THE 5TH |
Temiskaming District Secondary School Saints batting - Pitching for Madawaska Valley HS Wolves : RHP Jeff Thomas
|
Batting: LHB Carlos Músquez
|
0-0: Ball 1-0: Called Strike 1-1: Ball 2-1: Foul Ball, location: 2F 2-2: Foul Ball, location: 2F 2-2: Foul Ball, location: 2F 2-2: Ball 3-2: Foul Ball, location: 2F 3-2: Base on Balls
|
Batting: RHB Bob Ferguson
|
0-0: Ball 1-0: SINGLE (Groundball, 6D) Carlos Músquez to second
|
Batting: RHB José Ramírez
|
0-0: Ball 1-0: Swinging Strike 1-1: Foul Ball, location: 2F 1-2: Fly out, F7 (Flyball, 78M)
|
Batting: RHB Elliott Short
|
0-0: Called Strike 0-1: Foul Ball, location: 2F 0-2: Ball 1-2: Ball 2-2: Strikes out swinging
|
Batting: SHB Stanley Ryan
|
0-0: Called Strike 0-1: Foul Ball, location: 2F 0-2: Strikes out swinging
|
Top of the 5th over - 0 run(s), 1 hit(s), 0 error(s), 2 left on base; Temiskaming District Secondary School 4 - Madawaska Valley HS 3 |
BOTTOM OF THE 5TH |
Madawaska Valley HS Wolves batting - Pitching for Temiskaming District Secondary School Saints : LHP David Rodríguez
|
Batting: LHB Bob Campbell
|
0-0: Called Strike 0-1: Called Strike 0-2: Ball 1-2: Ground out 4-3 (Groundball, 4)
|
Pitching: RHP Tony Torres
|
|
Batting: SHB Steve Miner
|
0-0: Called Strike 0-1: Ball 1-1: Ball 2-1: Ball 3-1: Called Strike 3-2: Foul Ball, location: 2F 3-2: Foul Ball, location: 2F 3-2: Strikes out swinging
|
Batting: SHB Artie Adams
|
0-0: Ball 1-0: Ball 2-0: Ball 3-0: Called Strike 3-1: Base on Balls
|
Batting: LHB Marv Gardner
|
0-0: Ball 1-0: Ball 2-0: Foul Ball, location: 2F 2-1: Called Strike 2-2: Strikes out looking
|
Bottom of the 5th over - 0 run(s), 0 hit(s), 0 error(s), 1 left on base; Temiskaming District Secondary School 4 - Madawaska Valley HS 3 |
TOP OF THE 6TH |
Temiskaming District Secondary School Saints batting - Pitching for Madawaska Valley HS Wolves : RHP Jeff Thomas
|
Batting: RHB George Gardner
|
0-0: Fly out, F4 (Popup, 8RS)
|
Batting: RHB Beau McNeill
|
0-0: Ball 1-0: Called Strike 1-1: Foul Ball, location: 2F 1-2: Ball 2-2: Strikes out swinging
|
Batting: SHB Andrew Walters
|
0-0: Ball 1-0: Ball 2-0: Ground out 4-3 (Groundball, 4M)
|
Top of the 6th over - 0 run(s), 0 hit(s), 0 error(s), 0 left on base; Temiskaming District Secondary School 4 - Madawaska Valley HS 3 |
BOTTOM OF THE 6TH |
Madawaska Valley HS Wolves batting - Pitching for Temiskaming District Secondary School Saints : RHP Tony Torres
|
Batting: RHB Enrique Navarro
|
0-0: Foul Ball, location: 2F 0-1: Ball 1-1: Foul Ball, location: 2F 1-2: DOUBLE (Line Drive, 8RM)
|
Batting: RHB David Simmons
|
0-0: Called Strike 0-1: Ball 1-1: Foul Ball, location: 2F 1-2: Ground out 5-3 (Groundball, 56S) Enrique Navarro to third
|
Batting: RHB Weldon Lott
|
0-0: Ball 1-0: 2-RUN HOME RUN (Flyball, 8LXD), Distance : 441 ft
|
Batting: RHB Adam Carpenter
|
0-0: Ground out U3 (Groundball, 3)
|
Batting: RHB Leo Snyder
|
0-0: Ball 1-0: Ball 2-0: Ball 3-0: Base on Balls
|
Batting: LHB Bob Campbell
|
0-0: Ball 1-0: Ball Leo Snyder steals 2nd base 2-0: Ball 3-0: Called Strike 3-1: Foul Ball, location: 2F 3-2: Base on Balls
|
Batting: SHB Steve Miner
|
0-0: Ball 1-0: Ball 2-0: Fly out, F9 (Flyball, 89M)
|
Bottom of the 6th over - 2 run(s), 2 hit(s), 0 error(s), 2 left on base; Temiskaming District Secondary School 4 - Madawaska Valley HS 5 |
TOP OF THE 7TH |
Temiskaming District Secondary School Saints batting - Pitching for Madawaska Valley HS Wolves : RHP Jeff Thomas
|
Pitching: LHP Juan Olivo
|
|
Batting: RHB Walt Miller
|
0-0: Ball 1-0: Swinging Strike 1-1: Ball 2-1: Fly out, F9 (Flyball, 9M)
|
Batting: LHB Carlos Músquez
|
0-0: Ball 1-0: Ball 2-0: Foul Ball, location: 2F 2-1: Foul Ball, location: 2F 2-2: Foul Ball, location: 2F 2-2: Foul Ball, location: 2F 2-2: Ball 3-2: DOUBLE (Flyball, 78M)
|
Batting: RHB Bob Ferguson
|
0-0: Swinging Strike 0-1: Foul Ball, location: 2F 0-2: Ball 1-2: Ball 2-2: Strikes out swinging
|
Batting: RHB José Ramírez
|
0-0: Called Strike 0-1: Ball 1-1: Fly out, F4 (Popup, 4M)
|
Top of the 7th over - 0 run(s), 1 hit(s), 0 error(s), 1 left on base; Temiskaming District Secondary School 4 - Madawaska Valley HS 5 |
BOTTOM OF THE 7TH |
Madawaska Valley HS Wolves batting - Pitching for Temiskaming District Secondary School Saints : RHP Tony Torres
|
Batting: SHB Artie Adams
|
0-0: Called Strike 0-1: Swinging Strike 0-2: Strikes out looking
|
Pitching: RHP Fernando Mata
|
|
Batting: LHB Marv Gardner
|
0-0: Called Strike 0-1: Fly out, F8 (Flyball, 8RM)
|
Batting: RHB Enrique Navarro
|
0-0: Foul Ball, location: 2F 0-1: Called Strike 0-2: Foul Ball, location: 2F 0-2: Strikes out swinging
|
Bottom of the 7th over - 0 run(s), 0 hit(s), 0 error(s), 0 left on base; Temiskaming District Secondary School 4 - Madawaska Valley HS 5 |
TOP OF THE 8TH |
Temiskaming District Secondary School Saints batting - Pitching for Madawaska Valley HS Wolves : LHP Juan Olivo
|
Pitching: RHP Kevin Lester
|
|
Batting: RHB Elliott Short
|
0-0: Ball 1-0: Ground out 4-3 (Groundball, 4MS)
|
Batting: SHB Stanley Ryan
|
0-0: Foul Ball, location: 2F 0-1: Swinging Strike 0-2: Reached on error, E6 (Groundball, 6M)
|
Batting: RHB George Gardner
|
0-0: Called Strike 0-1: Ball 1-1: Ball 2-1: Foul Ball, location: 2F 2-2: Foul Ball, location: 2F 2-2: Foul Ball, location: 2F 2-2: Strikes out swinging
|
Batting: RHB Beau McNeill
|
0-0: Called Strike 0-1: SINGLE (Line Drive, 89S) Stanley Ryan to second Runner from 2nd tries for 3rd, OUT!
|
Top of the 8th over - 0 run(s), 1 hit(s), 1 error(s), 1 left on base; Temiskaming District Secondary School 4 - Madawaska Valley HS 5 |
BOTTOM OF THE 8TH |
Madawaska Valley HS Wolves batting - Pitching for Temiskaming District Secondary School Saints : RHP Fernando Mata
|
Batting: RHB David Simmons
|
0-0: Ball 1-0: Swinging Strike 1-1: Ball 2-1: SINGLE (Line Drive, 7S)
|
Batting: RHB Weldon Lott
|
0-0: Ball 1-0: Called Strike 1-1: Swinging Strike 1-2: Foul Ball, location: 2F 1-2: Strikes out swinging
|
Batting: RHB Adam Carpenter
|
0-0: SINGLE (Groundball, 25) (infield hit) David Simmons to second
|
Batting: RHB Leo Snyder
|
0-0: Ball 1-0: Foul Ball, location: 2F 1-1: Foul Ball, location: 2F 1-2: Ground out 3-1 (Groundball, 3L) David Simmons to third Adam Carpenter to second
|
Batting: LHB Bob Campbell
|
0-0: Ball 1-0: Ball 2-0: Ball 3-0: Base on Balls
|
Batting: SHB Steve Miner
|
0-0: Ball 1-0: Called Strike 1-1: Ball 2-1: Foul Ball, location: 2F 2-2: Ball 3-2: Base on Balls David Simmons scores Adam Carpenter to third Bob Campbell to second
|
Batting: SHB Artie Adams
|
0-0: Called Strike 0-1: Swinging Strike 0-2: Ball 1-2: Strikes out swinging
|
Bottom of the 8th over - 1 run(s), 2 hit(s), 0 error(s), 3 left on base; Temiskaming District Secondary School 4 - Madawaska Valley HS 6 |
TOP OF THE 9TH |
Temiskaming District Secondary School Saints batting - Pitching for Madawaska Valley HS Wolves : RHP Kevin Lester
|
Pitching: LHP Arthur Warren
|
|
Batting: SHB Andrew Walters
|
0-0: Ball 1-0: Ball 2-0: Ball 3-0: Base on Balls
|
Batting: RHB Walt Miller
|
0-0: Called Strike 0-1: Swinging Strike 0-2: Ball 1-2: Strikes out swinging
|
Batting: LHB Carlos Músquez
|
0-0: Swinging Strike 0-1: Ball 1-1: Fly out, F9 (Line Drive, 9M)
|
Batting: RHB Bob Ferguson
|
0-0: Ball 1-0: Ball 2-0: SINGLE (Groundball, 6M) Andrew Walters to second
|
Batting: RHB José Ramírez
|
0-0: Ball 1-0: Called Strike 1-1: SINGLE (Line Drive, 56) Andrew Walters to third Bob Ferguson to second Runner from 3rd tries for Home, SAFE, no throw or cutoff
|
Batting: RHB Elliott Short
|
0-0: Ball 1-0: Ball 2-0: Called Strike 2-1: Ball 3-1: Base on Balls Bob Ferguson to third José Ramírez to second
|
Batting: SHB Stanley Ryan
|
0-0: Called Strike 0-1: Ball 1-1: Called Strike 1-2: Ball 2-2: Foul Ball, location: 2F 2-2: Fly out, F9 (Flyball, 89M)
|
Top of the 9th over - 1 run(s), 2 hit(s), 0 error(s), 3 left on base; Temiskaming District Secondary School 5 - Madawaska Valley HS 6 |
|